 Dungeon Crawl Stone Soup version 0.30-a0-358-g0d69a1922f (webtiles) character file.

Game seed: 5425937090852818426

282 IdlyInterested the Trooper (level 6, -4/50 HPs)
             Began as a Demonspawn Wanderer on Nov 10, 2022.
             Killed by divine providence
             ... invoked by an orc priest
              (11 damage)
             ... on level 5 of the Dungeon.
             The game lasted 00:13:16 (3569 turns).

IdlyInterested the Trooper (Demonspawn Wanderer)    Turns: 3569, Time: 00:13:17

Health: -4/50      AC: 12    Str: 10 (13) XL:     6   Next: 6%
Magic:  10/10      EV: 16    Int: 13 (15) God:
Gold:   103        SH:  0    Dex:  9 (12) Spells: 11/11 levels left

rFire   + . .      SeeInvis .    j - +1 flail (venom)
rCold   + . .      Faith    .    (no shield)
rNeg    . . .      Spirit   .    s - +2 robe {rC+ rF+}
rPois   .          Reflect  .    (no helmet)
rElec   .          Harm     .    d - +0 cloak
rCorr   .          Rampage  .    (no gloves)
Will    .....                    v - +0 pair of boots
Stlth   +.........               (no amulet)
HPRegen 0.28/turn                l - ring of flight
MPRegen 0.12/turn                (no ring)

@: agile, sanguine armoured, flying
A: hooves 1, ignite blood 1, powered by pain 1, sanguine armour 1
a: no special abilities


You were on level 5 of the Dungeon.
You visited 1 branch of the dungeon, and saw 5 of its levels.

You collected 195 gold pieces.
You spent 92 gold pieces at shops.

Inventory:

Hand Weapons
 g - a +0 short sword
 i - a +0 dagger of electrocution
 j - a +1 flail of venom (weapon)
Missiles
 h - 32 stones (quivered)
Armour
 d - a +0 cloak (worn)
 s - a +2 robe of resistance (worn)
 v - a +0 pair of boots (worn)
Jewellery
 l - a ring of flight (left hand)
Wands
 a - a wand of iceblast (7)
Scrolls
 f - a scroll of fear
 o - 2 scrolls of brand weapon
 w - 2 scrolls of teleportation
Potions
 k - 2 potions of lignification
 m - 2 potions of might
 p - 2 potions of haste
 q - a potion of flight


   Skills:
 + Level 4.8 Fighting
 - Level 2.0 Throwing
 - Level 2.0 Armour
 - Level 1.0 Dodging
 - Level 1.0 Stealth
 - Level 3.0 Spellcasting
 - Level 1.7 Fire Magic
 - Level 1.0 Earth Magic
 - Level 2.0 Evocations


You had 11 spell levels left.
You didn't know any spells.
Your spell library contained the following spells:

 Spells                   Type           Power      Damage    Failure   Level
 Foxfire                  Conj/Fire      16%        2x1d4     16%         1
 Sandblast                Erth           8%         2d5       16%         1
 Necrotise                Necr           4%         1d4       22%         1
 Summon Small Mammal      Summ           4%         N/A       22%         1
 Cigotuvi's Dreadful Rot  Necr/Pois/Air  2%         N/A       34%         2
 Ensorcelled Hibernation  Hex/Ice        2%         N/A       34%         2
 Ignite Poison            Fire/Tmut/Pois 3%         N/A       47%         3
 Kindle Blastsparks       Fire/Tloc/Air  6%         2d10      47%         3
 Stone Arrow              Conj/Erth      6%         3d7       50%         3
 Call Canine Familiar     Summ           1%         N/A       56%         3
 Dazzling Flash           Conj/Hex       2%         N/A       56%         3
 Spider Form              Tmut/Pois      1%         N/A       56%         3
 Summon Guardian Golem    Hex/Summ       1%         N/A       56%         3
 Vampiric Draining        Necr           1%         2d6       56%         3
 Anguish                  Hex/Necr       0%         N/A       92%         4
 Dispel Undead            Necr           1%         3d6       92%         4
 Agony                    Necr           1%         N/A       99%         5
 Silence                  Hex/Air        0%         N/A       99%         5
 Death Channel            Necr           0%         N/A       100%        6
 Enfeeble                 Hex            0%         N/A       100%        7


Dungeon Overview and Level Annotations

Branches:
Dungeon (5/15)
 Temple: D:4-7

Altars:

Shops:
D:4 ::[[


Innate Abilities, Weirdness & Mutations

You have large cloven feet.
Your demonic aura sometimes causes spilled blood to erupt in flames.
You sometimes gain a little power by taking damage.
When seriously injured, your blood forms armour. (AC +6)


Message History

The orc hits you but does no damage.
The orc priest looks braver for a moment.
You barely miss the orc.
The orc is moderately wounded.
The orc closely misses you. The orc misses you.
You closely miss the orc.
The orc is severely wounded.
You kill the orc!
You completely miss the orc priest.
The orc priest hits you but does no damage.
The orc priest closely misses you.
You barely miss the orc priest.
The orc priest mumbles some strange prayers to Beogh against you.
Beogh smites you!
* * * LOW HITPOINT WARNING * * *
You focus on the pain.
You feel agile all of a sudden. The orc priest completely misses you.
It was a potion of degeneration.
There was something very wrong with that liquid.
You feel weakened.
You feel dopey.
You feel clumsy. The orc priest barely misses you.
You hit the orc priest.
The orc priest is poisoned.
The orc priest is lightly wounded.
The orc priest closely misses you.
You barely miss the orc priest.
The orc priest is lightly wounded.
The orc priest looks encouraged for a moment.
The orc priest calls upon Beogh to heal the orc priest.
The orc priest's wounds heal themselves!
The orc priest closely misses you.
You hit the orc priest.
The orc priest looks as sick as possible!
The orc priest is moderately wounded.
The orc priest completely misses you.
You hit the orc priest.
The orc priest is moderately wounded.
The orc priest invokes the aid of Beogh against you.
Beogh smites you!
You die...

##.#.#.#####.#
#..#.#.# ###.#
#.##.#.# #...#
#.##.#.# #.#.#
.....#.# #.#.#
#.####.###.#.# #.#
#.......# #.#
#####.##########...
..# #.####.@oo.....
### #......#######.
########


You could see 2 orc priests.

Vanquished Creatures
  An ice beast (D:5)
  Ijyb (D:4)
  An orc wizard (D:5)
  A gnoll (D:1)
  6 adders
  2 worms
  6 orcs
  6 endoplasms
  3 giant cockroaches
  3 goblins
  5 hobgoblins
  9 jackals
  2 kobolds
  5 quokkas
  5 ball pythons
  4 bats
  3 frilled lizards
  2 rats
65 creatures vanquished.

Notes
Turn   | Place    | Note
-------+----------+-------------------------------------------
     0 | D:1      | IdlyInterested the Demonspawn Wanderer began the quest for
                  | the Orb.
     0 | D:1      | IdlyInterested set off with the following items: a +0 club,
                  | a potion of heal wounds, a +0 robe, a +0 cloak; and the
                  | following spells available to memorise: Sandblast, Foxfire,
                  | Ignite Poison, Kindle Blastsparks, Stone Arrow.
     0 | D:1      | Reached XP level 1. HP: 13/13 MP: 4/4
   200 | D:1      | Reached skill level 1 in Fighting
   234 | D:1      | Reached skill level 1 in Dodging
   234 | D:1      | Gained mutation: When seriously injured, your blood forms
                  | armour. (AC +6) [demonic ancestry]
   234 | D:1      | Reached XP level 2. HP: 16/21 MP: 6/6
   477 | D:1      | Reached skill level 1 in Throwing
   543 | D:1      | Reached XP level 3. HP: 27/27 MP: 7/7
   955 | D:2      | Found a faded altar of an unknown god.
  1141 | D:2      | Reached skill level 2 in Fighting
  1687 | D:3      | Gained mutation: Your demonic aura sometimes causes spilled
                  | blood to erupt in flames. [demonic ancestry]
  1687 | D:3      | Reached XP level 4. HP: 34/34 MP: 8/8
  2624 | D:4      | Found Ypontooribb's Armour Shop.
  2672 | D:4      | Found Xezot's Book Shop.
  2700 | D:4      | Found Ulodajam's Book Shoppe.
  2923 | D:4      | Noticed Ijyb
  2931 | D:4      | Killed Ijyb
  2932 | D:4      | Reached skill level 3 in Fighting
  2932 | D:4      | Gained mutation: You have large cloven feet. [demonic
                  | ancestry]
  2932 | D:4      | Reached XP level 5. HP: 36/41 MP: 9/9
  2984 | D:4      | Found Balimatu's Antique Armour Emporium.
  3202 | D:4      | Bought a glowing robe for 92 gold pieces
  3241 | D:5      | Entered Level 5 of the Dungeon
  3263 | D:5      | Noticed an ice beast
  3293 | D:5      | Killed an ice beast
  3294 | D:5      | Reached skill level 4 in Fighting
  3559 | D:5      | Gained mutation: You sometimes gain a little power by
                  | taking damage. [demonic ancestry]
  3559 | D:5      | Reached XP level 6. HP: 17/50 MP: 10/10
  3569 | D:5      | Killed from afar by an orc priest

Illustrated notes

Levels and vault maps discovered:
D:1:      lightli_arrival_maybe_door_vault, layout_loops_cross
D:2:      layout_rooms, basic_ecumenical_altar
D:3:      layout_basic, grunt_ministairs_13, roderic_lattice_a
D:4:      layout_rooms, kennysheep_mini_moat, serial_glass, glass_columns_a,
          glass_columns_b, serial_shops, shop, nicolae_diamond_shop, shop,
          nicolae_shop_advertising_works [nicolae_subvault_shop_adworks],
          serial_bayou_pond_d, uniq_ijyb
D:5:      kb_forest_paths, layout_loops_corners,
          mainiacjoe_overflow_small_starburst, chequers_hall_statues_y,
          uniq_menkaure

Skill      XL: |  1  2  3  4  5 |
---------------+----------------+-----
Fighting       | 1 2 3 4 |  4.8
Dodging        | 1 |  1.0
Throwing       | 1 2 |  2.0
Armour         | 2 |  2.0
Stealth        | |  1.0
Spellcasting   | |  3.0
Fire Magic     | |  1.7
Earth Magic    | |  1.0
Evocations     | |  2.0

Action                   |  1- 3 |  4- 6 || total
-------------------------+-------+-------++-------
Melee: Club              |    22 |       ||    22
       Short sword       |    23 |       ||    23
       Punch             |     1 |     1 ||     2
       Dagger            |   140 |       ||   140
       Flail             |     1 |   109 ||   110
Throw: Stone             |     2 |     8 ||    10
  Use: Scroll            |    10 |     4 ||    14
       Potion            |       |     3 ||     3
 Stab: Sleeping          |     3 |       ||     3
Armor: Leather armour    |    77 |    30 ||   107
       Robe              |       |    20 ||    20
Dodge: Dodged            |   135 |    72 ||   207

Table legend: (Time is in decaauts)
 A = Elapsed time spent in this place.
 B = Non-inter-level travel time spent in this place.
 C = Inter-level travel time spent in this place.
 D = Time resting spent in this place.
 E = Time spent auto-exploring this place.
 F = Levels seen in this place.
 G = Mean time per level.
                   A        B        C        D        E       F      G
               +--------+--------+--------+--------+--------+-----+--------+
         Total |   3620 |   3074 |    546 |    124 |   1952 |   5 |  724.0 |
       Dungeon |   3620 |   3074 |    546 |    124 |   1952 |   5 |  724.0 |
               +--------+--------+--------+--------+--------+-----+--------+

Top non-repeatable levels by time:
     D:3: 1197 daAuts
     D:1: 991 daAuts
     D:2: 583 daAuts
     D:4: 519 daAuts
     D:5: 330 daAuts
